 Dungeon Sprint DCSS version 0.31-a0-841-g038b102fc3 (webtiles) character file.

Game seed: 1488007739552934335

308 sircluck the Grappler (level 6, 0/102 HPs)
             Began as a Troll Berserker on Sept 27, 2023.
             Was a Believer of Trog.
             Slain by a centaur warrior (1 damage)
             ... in the Dungeon (Sprint I: "Red Sonja").
             The game lasted 00:00:34 (153 turns).

sircluck the Grappler (Troll Berserker)              Turns: 153, Time: 00:00:34

Health: 0/102      AC:  4    Str: 28    XL:     6   Next: 16%
Magic:  5/5        EV: 11    Int:  3    God:    Trog [**....]
Gold:   188        SH:  0    Dex:  9    Spells: 5/5 levels left

rFire   . .          .
                       - Unarmed
rCold   . . .        (no shield)
rNeg    . . .        a - +0 animal skin
rPois   .            (helmet restricted)
rElec   .            (no cloak)
rCorr   .            (gloves unavailable)
SInv    .            (boots unavailable)
Will    .....        (no amulet) Stlth
                     (no ring)
HPRegen 1.17/turn    (no ring)
MPRegen 0.09/turn

%: no teleportation
@: berserking, very quick
A: large, unfitting armour, claws 3, regeneration 1, shaggy fur 1, tough skin 1
a: Renounce Religion, Berserk, Trog's Hand


You were in the Dungeon.
You worshipped Trog.
Trog was pleased with you.
You visited 1 branch You collected 188 gold pieces.

Inventory:

Armour
 a - a +0 animal skin (worn)
Wands
 h - a wand of polymorph (12)
Scrolls
 g - a scroll of blinking
Potions
 b - a potion of curing
 c - a potion of heal wounds
 d - a potion of haste
 e - 2 potions of magic
 f - a potion of berserk rage


   Skills:
 + Level 6.8 Fighting
 + Level 6.7 Dodging
 + Level 8.1 Unarmed Combat


You had 5 spell levels left.
You didn't know any spells.
Your spell library was empty.

Dungeon Overview and Level Annotations

Branches:
Dungeon (1/1)

Altars:
Sif Muna
Vehumet
Wu Jian


Innate Abilities, Weirdness & Mutations

You are too large for most types of armour.
You have claws for hands.
Your natural rate of healing is unusually fast.
You are covered in fur. (AC +1)
You have tough skin. (AC +1)


Message History

You now have 175 gold pieces (gained 13).
You now have 188 gold pieces (gained 13).
You open the door.
A centaur warrior comes into view.
The centaur warrior moves out of view.
A centaur warrior comes into view.
There is an open door here.
You enter the shallow water.
Found 30 gold pieces.
The centaur warrior hits you! The centaur warrior barely misses you.
You mangle the centaur warrior!!
The centaur warrior is heavily wounded.
You hear a shout!
The centaur warrior hits you. The centaur warrior kicks you.
The centaur warrior hits you. The centaur warrior kicks you.
The centaur warrior closely misses you.
The centaur warrior kicks you but does no damage.
The centaur warrior hits you.
The centaur warrior completely misses you.
You closely miss the centaur warrior.
The centaur warrior is heavily wounded.
The centaur warrior hits you but does no damage.
The centaur warrior misses you. The centaur warrior hits you!
The centaur warrior barely misses you.
You mangle the centaur warrior!!
The centaur warrior is severely wounded.
The centaur warrior hits you!
The centaur warrior kicks you but does no damage.
The centaur warrior barely misses you. The centaur warrior kicks you.
The centaur warrior hits you!
* * * LOW HITPOINT WARNING * * *
The centaur warrior kicks you.
* * * LOW HITPOINT WARNING * * *
A red film seems to cover your vision as you go berserk!
You feel yourself moving faster!
You feel mighty! The centaur warrior hits you!
* * * LOW HITPOINT WARNING * * *
The centaur warrior kicks you.
* * * LOW HITPOINT WARNING * * *
The centaur warrior hits you.
You die...

##############
.#..)..#..'..#
.').#..').#..+
.#####'#####'#
### .# #..#
#.####§§# .#
####
##.#§c§§§# .#
#_.§§§@c§+ ⌠#
+..._#§§§§§#
##
#_.#+##+####
##+


You could see 2 centaur warriors.

Vanquished Creatures
  Sigmund (D)
  An ogre (D)
  A jelly (D)
  Ijyb (D)
4 creatures vanquished.

Notes
Turn   | Place    | Note
-------+----------+-------------------------------------------
     0 | D        | sircluck the Troll Berserker began the quest for the Orb.
     0 | D        | Reached XP level 1. HP: 22/22 MP: 0/0
     1 | D        | Noticed Ijyb
    39 | D        | Killed Ijyb
    40 | D        | Reached skill level 4 in Unarmed Combat
    40 | D        | Reached XP level 2. HP: 12/32 MP: 1/1
    60 | D        | Noticed an ogre
    63 | D        | Killed an ogre
    64 | D        | Reached skill level 5 in Fighting
    64 | D        | Reached skill level 5 in Dodging
    64 | D        | Reached skill level 6 in Unarmed Combat
    64 | D        | Reached XP level 3. HP: 42/42 MP: 2/2
    64 | D        | Reached XP level 4. HP: 50/50 MP: 3/3
   107 | D        | Noticed Sigmund
   111 | D        | Killed Sigmund
   111 | D        | Reached ** piety under Trog
   112 | D        | Reached skill level 7 in Unarmed Combat
   112 | D        | Reached XP level 5. HP: 50/61 MP: 4/4
   112 | D        | Reached XP level 6. HP: 56/68 MP: 5/5
   135 | D        | Found an ornate altar of the Wu Jian Council.
   135 | D        | Found a shimmering blue altar of Sif Muna.
   137 | D        | Found a radiant altar of Vehumet.
   140 | D        | Reached skill level 8 in Unarmed Combat
   145 | D        | Noticed a centaur warrior
   147 | D        | Noticed a centaur warrior
   153 | D        | HP: 5/102 [centaur warrior (10)]
   153 | D        | HP: 1/102 [centaur warrior (4)]
   153 | D        | Slain by a centaur warrior

Illustrated notes

Levels and vault maps discovered:
D:        dungeon_sprint_1 [red_sonja_temple_1, red_sonja_temple_small_1]

Skill      XL: |  1  2  3  4  5  6 |
---------------+-------------------+-----
Fighting       | 3 5 6 |  6.8
Dodging        | 3 5 6 |  6.7
Unarmed Combat | 4 6 7 8 |  8.1

Action                     |  1- 3 |  4- 6 || total
---------------------------+-------+-------++-------
  Melee: Unarmed           |    39 |     7 ||    46
 Invoke: Berserk           |     1 |     1 ||     2
 Armour: Skin              |    13 |       ||    13
         Animal skin       |       |    18 ||    18
  Dodge: Dodged            |    21 |     7 ||    28

Table legend: (Time is in decaauts)
 A = Elapsed time spent in this place.
 B = Non-inter-level travel time spent in this place.
 C = Inter-level travel time spent in this place.
 D = Time resting spent in this place.
 E = Time spent auto-exploring this place.
 F = Levels seen in this place.
 G = Mean time per level.
                   A        B        C        D        E       F      G
               +--------+--------+--------+--------+--------+-----+--------+
         Total |    158 |    158 |      0 |     55 |     39 |   1 |  158.0 |
       Dungeon |    158 |    158 |      0 |     55 |     39 |   1 |  158.0 |
               +--------+--------+--------+--------+--------+-----+--------+

Top non-repeatable levels by time:
       D: 158 daAuts
